 Dungeon Crawl Stone Soup version 0.30-a0-739-gea05faddec (webtiles) character file.

Game seed: 3925210285438472927

721 CaliBri the Trooper (level 7, -8/67 HPs)
             Began as a Minotaur Fighter on Feb 4, 2023.
             Killed by divine providence
             ... invoked by an orc priest
              (11 damage)
             ... on level 5 of the Dungeon.
             The game lasted 00:08:18 (3446 turns).

CaliBri the Trooper (Minotaur Fighter)              Turns: 3446, Time: 00:08:19

Health: -8/67      AC:  9    Str: 23    XL:     7   Next: 43%
Magic:  6/6        EV:  9    Int:  5    God:
Gold:   276        SH:  0    Dex: 12    Spells: 6/6 levels left

rFire   . . .      SeeInvis .    p - +1 quarterstaff of Clean Reinforcement {heavy, rN+ Dex+3}
rCold   . . .      Faith    .    (shield currently unavailable)
rNeg    + . .      Spirit   .    b - +0 scale mail
rPois   .          Reflect  .    (helmet restricted)
rElec   .          Harm     .    q - +0 cloak
rCorr   .          Rampage  .    (no gloves)
Will    .....                    s - +0 pair of boots Stlth
                                 l - amulet of regeneration
HPRegen 1.11/turn                (no ring)
MPRegen 0.10/turn                (no ring)

@: confused
A: horns 2, retaliatory headbutt
a: no special abilities


You were on level 5 of the Dungeon.
You visited 1 branch of the dungeon, and saw 5 of its levels.

You collected 276 gold pieces.

Inventory:

Hand Weapons
 a - a +0 war axe
 p - the +1 quarterstaff of Clean Reinforcement (weapon) {heavy, rN+ Dex+3}
   (You found it on level 2 of the Dungeon)

   Dex:       It affects your dexterity (+3).
   rN:        It protects you from negative energy.
Armour
 b - a +0 scale mail (worn)
 c - a +0 buckler
 q - a +0 cloak (worn)
 s - a +0 pair of boots (worn)
 t - an orb of mayhem
Jewellery
 l - an amulet of regeneration (around neck)
Wands
 v - a wand of flame (9)
Scrolls
 e - 3 scrolls of teleportation {unknown}
 f - 2 scrolls of immolation {unknown}
 i - 3 scrolls of identify {unknown}
 k - a scroll of blinking {unknown}
 n - a scroll of enchant armour {unknown}
 u - 2 scrolls of poison {unknown}
 x - a scroll of fear {unknown}
 y - a scroll of fog {unknown}
Potions
 d - a potion of might
 g - a potion of flight {unknown}
 h - a potion of mutation {unknown}
 j - a potion of haste {unknown}
 m - 5 potions of curing {unknown}
 o - a potion of magic {unknown}
 r - a potion of resistance {unknown}
 w - a potion of invisibility
 z - a potion of attraction {unknown}
 A - a potion of heal wounds {unknown}


   Skills:
 + Level 7.9 Fighting
 + Level 7.4 Axes
 - Level 3.6 Armour
 - Level 3.6 Shields


You had 6 spell levels left.
You didn't know any spells.
Your spell library contained the following spells:

 Spells                   Type           Power      Damage    Failure   Level
 Magic Dart               Conj           0%         1d3       78%         1
 Slow                     Hex            0%         N/A       78%         1
 Blink                    Tloc           0%         N/A       89%         2
 Call Imp                 Summ           0%         N/A       89%         2
 Lesser Beckoning         Tloc           0%         N/A       89%         2
 Momentum Strike          Conj/Tloc      0%         3d8       89%         2
 Confusing Touch          Hex            0%         N/A       98%         3
 Mephitic Cloud           Conj/Pois/Air  0%         N/A       98%         3
 Vampiric Draining        Necr           0%         2d6       98%         3
 Animate Dead             Necr           0%         N/A       100%        4
 Borgnjor's Vile Clutch   Necr/Erth      0%         N/A       100%        5
 Death Channel            Necr           0%         N/A       100%        6


Dungeon Overview and Level Annotations

Branches:
Dungeon (5/15)             Temple (0/1) D:5

Altars:
Wu Jian

Shops:
D:2 [


Innate Abilities, Weirdness & Mutations

You have a pair of horns on your head.
You reflexively headbutt those who attack you in melee.


Message History

The orc priest hits you with a +0 short sword.
The orc priest closely misses you. Something hits you.
You closely miss something. Your headbutt misses something.
You hear some strange, mumbled words.
A magic dart appears from out of thin air!
The magic dart hits you.
The orc priest hits you but does no damage.
The orc priest invokes the aid of Beogh against you.
Beogh smites you!
* * * LOW HITPOINT WARNING * * *
Something hits you.
* * * LOW HITPOINT WARNING * * *
The orc priest misses you.
The orc priest hits you with a +0 short sword.
* * * LOW HITPOINT WARNING * * *
You hit the orc priest. Your headbutt misses the orc priest.
The orc priest is lightly wounded.
You hear some strange, mumbled words.
A magic dart appears from out of thin air!
The magic dart hits you!
* * * LOW HITPOINT WARNING * * *
The orc priest hits you from afar with a +0 trident.
* * * LOW HITPOINT WARNING * * *
The orc priest hits you but does no damage.
You closely miss something. Something hits you but does no damage.
The orc priest hits you but does no damage.
The orc priest looks satisfied for a moment.
Something hits you but does no damage. The orc priest closely misses you.
The orc priest looks braver for a moment.
You closely miss something. Your headbutt misses something.
Something hits you but does no damage.
The orc priest hits you from afar with a +0 trident.
* * * LOW HITPOINT WARNING * * *
The orc priest hits you but does no damage.
You hear some strange, mumbled words.
You are confused.
The orc priest barely misses you.
The orc priest invokes the aid of Beogh against you.
Beogh smites you!
You die...

##......###...
#........##..#
#....#...##..# . ##
##....(..##... ..
#.##........##..# #...
........##..##..###.....
#......#...##..#{o.....
##..)...#.......@)......
)))).##>..##.....o......
...#########............
..##.... #............
........♣ #............
..##...._ #.......#..#.
...# .... #.#....###.#
#..# ... #####..# .#
#..# ..


You could see 2 orc priests.

Vanquished Creatures
  A water moccasin (D:5)
  A phantom (D:5)
  2 scorpions
  A howler monkey (D:4)
  An orc priest (D:5)
  Crazy Yiuf (D:3)
  2 iguanas
  3 orc wizards (D:5)
  4 gnolls (D:4)
  8 adders
  An ufetubus (D:4)
  A worm (D:2)
  10 orcs
  4 endoplasms
  4 giant cockroaches
  4 goblins
  8 hobgoblins
  2 jackals (D:5)
  4 quokkas
  4 ball pythons
  6 bats
  2 frilled lizards
  4 kobolds
  7 rats
85 creatures vanquished.

Vanquished Creatures (others)
  4 plants
4 creatures vanquished.

Grand Total: 89 creatures vanquished

Notes
Turn   | Place    | Note
-------+----------+-------------------------------------------
     0 | D:1      | CaliBri the Minotaur Fighter began the quest for the Orb.
     0 | D:1      | Reached XP level 1. HP: 19/19 MP: 0/0
   172 | D:1      | Reached XP level 2. HP: 26/26 MP: 1/1
   477 | D:2      | Found Olisiqina's Antique Armour Emporium.
   587 | D:2      | Reached XP level 3. HP: 31/31 MP: 2/2
   768 | D:2      | Identified the +1 quarterstaff of Clean Reinforcement
                  | {heavy, rN+ Dex+3}
   770 | D:2      | Found a faded altar of an unknown god.
  1122 | D:3      | Reached skill level 5 in Axes
  1149 | D:3      | Reached XP level 4. HP: 39/39 MP: 3/3
  1935 | D:3      | Found a runed translucent door.
  1936 | D:3      | Noticed Crazy Yiuf
  2225 | D:3      | Killed Crazy Yiuf
  2465 | D:4      | Reached XP level 5. HP: 32/45 MP: 4/4
  2791 | D:4      | Reached XP level 6. HP: 53/53 MP: 5/5
  2944 | D:4      | Reached skill level 5 in Fighting
  3152 | D:5      | Entered Level 5 of the Dungeon
  3237 | D:5      | Found a staircase to the Ecumenical Temple.
  3268 | D:5      | Noticed a water moccasin
  3271 | D:5      | Killed a water moccasin
  3272 | D:5      | Reached XP level 7. HP: 66/66 MP: 6/6
  3363 | D:5      | Found an ornate altar of the Wu Jian Council.
  3444 | D:5      | HP: 1/67 [orc priest/+0 trident (3)]
  3446 | D:5      | Killed from afar by an orc priest

Illustrated notes

Levels and vault maps discovered:
D:1:      dpeg_arrival_chambers_temple_mockup, layout_rooms
D:2:      minmay_general_purpose_star, layout_rooms, serial_shops,
          nicolae_shop_overgrown_old_shop, ebering_ecumenical_altar_sacrificial
D:3:      layout_loops_corners, uniq_crazy_yiuf_cottage
D:4:      layout_cave_pods
D:5:      layout_cave_pools, nzn_wu_jian_contemplation,
          minmay_temple_entry_gardened_gates, minmay_stone_trees_small,
          guppyfry_early_lair_pool

Skill      XL: |  1  2  3  4  5  6 |
---------------+-------------------+-----
Axes           | 3 4 5 6 7 |  7.4
Fighting       | 4 7 |  7.9
Armour         | |  3.6
Shields        | |  3.6

Action                     |  1- 3 |  4- 6 |  7- 9 || total
---------------------------+-------+-------+-------++-------
  Melee: War axe           |    71 |       |       ||    71
         Headbutt          |    14 |    11 |     2 ||    27
         Quarterstaff      |     2 |    85 |    26 ||   113
 Armour: Scale mail        |    43 |    73 |    43 ||   159
  Dodge: Dodged            |    42 |    55 |    24 ||   121
  Block: Buckler           |     9 |       |       ||     9

Table legend: (Time is in decaauts)
 A = Elapsed time spent in this place.
 B = Non-inter-level travel time spent in this place.
 C = Inter-level travel time spent in this place.
 D = Time resting spent in this place.
 E = Time spent auto-exploring this place.
 F = Levels seen in this place.
 G = Mean time per level.
                   A        B        C        D        E       F      G
               +--------+--------+--------+--------+--------+-----+--------+
         Total |   3570 |   3391 |    179 |    195 |   2519 |   5 |  714.0 |
       Dungeon |   3570 |   3391 |    179 |    195 |   2519 |   5 |  714.0 |
               +--------+--------+--------+--------+--------+-----+--------+

Top non-repeatable levels by time:
     D:3: 1311 daAuts
     D:4: 789 daAuts
     D:2: 671 daAuts
     D:1: 457 daAuts
     D:5: 340 daAuts
